 Dungeon Crawl Stone Soup version 0.30.1-3-gfc49f6343a (webtiles) character file.

Game seed: 14657157038466406616

108 Peloso the Shield-Bearer (level 4, -2/40 HPs)
             Began as a Minotaur Fighter on Aug 6, 2023.
             Killed by divine providence
             ... invoked by an orc priest
              (13 damage)
             ... on level 3 of the Dungeon.
             The game lasted 00:02:52 (2148 turns).

Peloso the Shield-Bearer (Minotaur Fighter)         Turns: 2148, Time: 00:02:53

Health: -2/40      AC:  7    Str: 21    XL:     4   Next: 58%
Magic:  3/3        EV:  9    Int:  5    God:
Gold:   85         SH:  0    Dex: 11    Spells: 3/3 levels left

rFire   . . .        a - +0 long sword
rCold   . . .        c - +0 buckler
rNeg    . . .        b - +0 scale mail
rPois   .            (helmet restricted)
rElec   .            (no cloak)
rCorr   .            (no gloves)
SInv    .            (no boots)
Will    .....        (no amulet) Stlth
                     (no ring)
HPRegen 0.26/turn    (no ring)
MPRegen 0.08/turn

%: no passive effects
@: confused
A: horns 2, retaliatory headbutt
a: no special abilities


You were on level 3 of the Dungeon.
You visited 1 branch of the dungeon, and saw 3 of its levels.

You collected 85 gold pieces.

Inventory:

Hand Weapons
 a - a +0 long sword (weapon)
Missiles
 f - a throwing net (quivered)
Armour
 b - a +0 scale mail (worn)
 c - a +0 buckler (worn)
Jewellery
 e - an amulet of magic regeneration
 h - an amulet of guardian spirit
Scrolls
 g - a scroll of identify
Potions
 d - 2 potions of might


   Skills:
 + Level 3.9 Fighting
 + Level 3.9 Long Blades
 + Level 4.3 Armour
 + Level 0.4 Dodging
 + Level 0.4 Stealth
 + Level 4.7 Shields


You had 3 spell levels left.
You didn't know any spells.
Your spell library was empty.

Dungeon Overview and Level Annotations

Branches:
Dungeon (3/15)

Altars:


Innate Abilities, Weirdness & Mutations

You have a pair of horns on your head.
You reflexively headbutt those who attack you in melee.


Message History

The orc wizard flickers and vanishes!
Deactivating autopickup; reactivate with Ctrl-A.
An orc comes into view. It is wielding a +0 hand axe.
You hear a shout!
You slash something!
You hear a shout!
Something hits you but does no damage.
You barely miss something.
You hear some strange, mumbled words.
Something tries to affect you, but you resist.
The orc priest looks satisfied for a moment.
You closely miss the orc. The orc barely misses you. You furiously retaliate!
You headbutt the orc. You hit the orc.
You kill the orc!
The orc priest invokes the aid of Beogh against you.
Beogh smites you!
You barely miss something. Something completely misses you.
You hit something but do no damage.
A bat comes into view.
Something hits you but does no damage. You block something's attack.
You closely miss something.
You hear some strange, mumbled words.
You are confused.
The orc priest mumbles some strange prayers to Beogh against you.
Beogh smites you!
You barely miss something. Your headbutt misses something.
Something hits you but does no damage.
You're too confused to move!
Something hits you but does no damage.
You bump into the rock wall.
You hear some strange, mumbled words.
A puff of flame appears from out of thin air!
The puff of flame hits you.
* * * LOW HITPOINT WARNING * * *
You're too confused to move!
Something hits you but does no damage.
Unknown command.
You're too confused to move!
Something hits you but does no damage.
The orc priest invokes the aid of Beogh against you.
Beogh smites you!
You die...

..# #.# ... #b#
#o# #o# ... #{#
#.### #@# #.#.#
#.# #.#.# ### #.#
#.#.# #.# #.#
#.#.# #.#
#.#####.#.# #.#
#....|....###.###
#######.........#
#.#######.## #.#
#.....


You could see an orc priest, an orc and a bat.

Vanquished Creatures
  Robin (D:2)
  3 adders (D:2)
  2 worms (D:2)
  3 dart slugs
  An orc (D:3)
  4 ball pythons
  4 endoplasms (D:2)
  3 giant cockroaches
  12 goblins
  6 hobgoblins
  3 quokkas
  3 bats
  2 frilled lizards (D:2)
  3 kobolds
  6 rats
56 creatures vanquished.

Notes
Turn   | Place    | Note
-------+----------+-------------------------------------------
     0 | D:1      | Peloso the Minotaur Fighter began the quest for the Orb.
     0 | D:1      | Reached XP level 1. HP: 19/19 MP: 0/0
   344 | D:1      | Reached XP level 2. HP: 24/27 MP: 1/1
   926 | D:2      | Reached XP level 3. HP: 33/33 MP: 2/2
  1121 | D:2      | Found a faded altar of an unknown god.
  1298 | D:2      | Reached XP level 4. HP: 29/40 MP: 3/3
  1822 | D:3      | Noticed Robin
  1932 | D:2      | Killed Robin
  2148 | D:3      | Killed from afar by an orc priest

Illustrated notes

Levels and vault maps discovered:
D:1:      dpeg_arrival_simpleton_a, layout_basic, minmay_misc_feat_hallway,
          minmay_misc_feat_doors, solitary_fountain
D:2:      layout_loops_corners, ebering_ecumenical_altar_hall,
          hangedman_abyss_or_decor_stabs, minmay_misc_feat_enclosed
D:3:      layout_loops_ring, kennysheep_vampire_church,
          grunt_temple_overflow_open, minitemple,
          nicolae_overflow_hidden_temple, chequers_jeans, uniq_robin,
          uniq_natasha, uniq_ijyb

Skill      XL: |  1  2  3 |
---------------+----------+-----
Shields        | 4 |  4.7
Armour         | 4 |  4.3
Long Blades    | 3 |  3.9
Fighting       | |  3.9
Dodging        | |  0.4
Stealth        | |  0.4

Action                     |  1- 3 |  4- 6 || total
---------------------------+-------+-------++-------
  Melee: Long sword        |    98 |    64 ||   162
         Headbutt          |    17 |     9 ||    26
    Use: Scroll            |     1 |     1 ||     2
 Armour: Scale mail        |    38 |    33 ||    71
  Dodge: Dodged            |    50 |    28 ||    78
  Block: Buckler           |    20 |    21 ||    41
